 Dungeon Crawl Stone Soup version 0.22-a0 (webtiles) character file.

11088 stigmas the Frost Mage (level 12, -15/89 HPs)
             Began as a Human Ice Elementalist on Dec 31, 2017.
             Was an Elder of Kikubaaqudgha.
             Hit by a large rock thrown by a cyclops (28 damage)
             ... on level 12 of the Dungeon.
             The game lasted 00:45:28 (11584 turns).

stigmas the Frost Mage (Human Ice Elementalist)    Turns: 11584, Time: 00:45:29

Health: -15/89     AC: 13    Str: 10    XL:     12   Next: 3%
Magic:  17/33      EV: 19    Int: 25    God:    Kikubaaqudgha [****..]
Gold:   190        SH:  0    Dex: 18    Spells: 10/28 levels left

rFire    . . .     SeeInvis .   A - staff of cold
rCold    + . .     Gourm    .   (no shield)
rNeg     . . .     Faith    .   C - +2 robe {Archmagi}
rPois    .         Spirit   .   K - +2 helmet {Int+3}
rElec    .         Reflect  .   Q - +2 cloak
rCorr    .         Harm     .   X - +1 pair of gloves
MR       .....                  V - +0 pair of boots
Stlth    +++.......             h - amulet of magic regeneration
HPRegen  1.24/turn              d - ring of magical power
MPRegen  0.48/turn              q - +2 ring of intelligence

@: agile, very slightly contaminated, regenerating
A: no striking features
a: Receive Corpses, Renounce Religion


You were on level 12 of the Dungeon.
You worshipped Kikubaaqudgha.
Kikubaaqudgha was greatly pleased with you.
You were not hungry.

You visited 2 branches of the dungeon, and saw 12 of its levels.

You collected 614 gold pieces.
You spent 424 gold pieces at shops.

Inventory:

Armour
 v - a +0 cloak
 C - a +2 robe of the Archmagi (worn)
 K - a +2 helmet of intelligence (worn)
 N - the +2 helmet "Zulanuz" {SInv}
   (You found it on level 10 of the Dungeon)

   It lets you see invisible.
 Q - a +2 cloak (worn)
 T - a +0 troll leather armour
 V - a +0 pair of boots (worn)
 X - a +1 pair of gloves (worn)
Magical Staves
 A - an uncursed staff of cold (weapon)
 E - an uncursed staff of air {unknown}
Jewellery
 d - a ring of magical power (left hand)
 h - an amulet of magic regeneration (around neck)
 q - a +2 ring of intelligence (right hand)
 s - an uncursed ring of ice {unknown}
 w - an uncursed amulet of regeneration
 y - an uncursed ring of positive energy
 J - an uncursed amulet of guardian spirit {unknown}
 L - an uncursed ring of poison resistance {unknown}
 O - a +1 ring of protection {unknown}
Wands
 G - a wand of scattershot (4)
 H - a wand of enslavement (7)
 I - a wand of polymorph (10)
 S - a wand of flame (33)
 U - a wand of random effects (45)
Scrolls
 f - a scroll of blinking
 i - 2 scrolls of magic mapping
 k - a scroll of fear
 m - 2 scrolls of fog
 o - 9 scrolls of remove curse
 t - a scroll of amnesia
 z - a scroll of immolation
 B - 2 scrolls of noise
 R - a scroll of identify
 W - a scroll of summoning {unknown}
Potions
 a - a potion of lignification {unknown}
 e - 2 potions of haste
 g - 2 potions of magic
 j - 3 potions of agility
 l - 2 potions of cancellation
 p - 2 potions of brilliance
 r - a potion of curing
 D - a potion of invisibility {unknown}
 F - a potion of flight {unknown}
Books
 b - a book of Frost

   Spells                             Type                      Level
   a - Freeze                         Ice                          1
   b - Throw Frost                    Conjuration/Ice              2
   c - Ozocubu's Armour               Charms/Ice                   3
   d - Throw Icicle                   Conjuration/Ice              4
   e - Summon Ice Beast               Ice/Summoning                4
 u - a book of Minor Magic

   Spells                             Type                      Level
   a - Magic Dart                     Conjuration                  1
   b - Blink                          Translocation                2
   c - Call Imp                       Summoning                    2
   d - Slow                           Hexes                        2
   e - Conjure Flame                  Conjuration/Fire             3
   f - Mephitic Cloud                 Conjuration/Poison/Air       3
 x - Kikubaaqudgha's Handbook of Black Rites
   (Kikubaaqudgha gifted it to you on level 6 of the Dungeon)

   Spells                             Type                      Level
   a - Animate Skeleton               Necromancy                   1
   b - Pain                           Necromancy                   1
   c - Sublimation of Blood           Necromancy                   2
   d - Regeneration                   Charms/Necromancy            3
 M - a Young Poisoner's Handbook

   Spells                             Type                      Level
   a - Sting                          Conjuration/Poison           1
   b - Poisonous Vapours              Poison/Air                   2
   c - Mephitic Cloud                 Conjuration/Poison/Air       3
   d - Olgreb's Toxic Radiance        Poison                       4
   e - Venom Bolt                     Conjuration/Poison           5
 P - Kikubaaqudgha's Incunabulum of Evil Arts
   (Kikubaaqudgha gifted it to you on level 9 of the Dungeon)

   Spells                             Type                      Level
   a - Excruciating Wounds            Charms/Necromancy            5
   b - Agony                          Necromancy                   5
   c - Dispel Undead                  Necromancy                   5
   d - Simulacrum                     Ice/Necromancy               6
   e - Death Channel                  Necromancy                   6
Comestibles
 c - 11 rations


   Skills:
 * Level 6.3 Fighting
 * Level 5.0 Staves
 + Level 4.0 Dodging
 - Level 2.7 Stealth
 * Level 8.9 Spellcasting
 * Level 7.9 Conjurations
 + Level 1.2 Charms
 * Level 3.7 Necromancy
 + Level 1.0 Translocations
 * Level 9.4 Ice Magic


You had 10 spell levels left.
You knew the following spells:

 Your Spells              Type           Power        Failure   Level  Hunger
a - Freeze                Ice            ####         1%          1    None
b - Throw Frost           Conj/Ice       ######       1%          2    None
c - Throw Icicle          Conj/Ice       #######.     1%          4    ##.....
d - Regeneration          Chrm/Necr      #####.....   6%          3    None
e - Blink                 Tloc           N/A          5%          2    None
f - Simulacrum            Ice/Necr       #######...   50%         6    ######.


Dungeon Overview and Level Annotations

Branches:
Dungeon (10/15)            Temple (1/1) D:4
   Lair: D:8-11         Orc: D:9-12

Altars:
Fedhas
Gozag
Kikubaaqudgha
Makhleb
Nemelex Xobeh
Okawaru
Sif Muna
Trog
Vehumet
Xom
The Shining One

Shops:
D:4 =   D:8 }(([(   D:9 *

Annotations:
D:4 ShadedKnight's ghost, novice GrIE
D:10 2 transporters


Message History

Press: ? - help, Shift-Dir - straight line, f/p - wolf
Aim: a wolf (heavily wounded)
You feel a strong surge of power!
You freeze the wolf.
The wolf is severely wounded.
The wolf bites you!
* * * LOW HITPOINT WARNING * * *
The wolf bites you.
* * * LOW HITPOINT WARNING * * *
Casting: Freeze
Confirm with . or Enter, or press ? or * to list all spells.
Aiming: Freeze
Press: ? - help, Shift-Dir - straight line, f/p - wolf
Aim: a wolf (severely wounded)
You feel a strong surge of power!
You freeze the wolf.
You kill the wolf!
Kikubaaqudgha accepts your kill.
A polar bear, an ice beast, a cyclops, an ufetubus and 2 simulacra come into view.
The cyclops throws a large rock.
The large rock hits you!!
You die...
Kikubaaqudgha rasps: "You have failed me!
Welcome... death!"

,.....*#.#.##...## **,***,,,,,,,
,.,,#.*#.>.##...# ***,**,,,,,,,,
,,,*#.##..###...#***,,,,,,,,,<,,,
.,,*#.>#.)###...##..,*,**,,,,,,,,
.5Y###....##.......#**,**,,,,,,,,
.Y.Y)........#########.#*,,,,,,,,
.Y5####..##### ##......#**,,,,,≈≈
..h#**#....#####.....C..,,,,≈≈≈≈≈
,..#*.h.##...##.@#,,,,,,,,,≈≈≈≈≈≈
,..##.#.#*#.5...#.......,,,*≈≈≈≈≈
,#.#..#.# #.#####....(..,,,****≈≈
*#...#..###.# *...5..Z,,,,,,,,,
##..........# *....Y..,******,,
..§.!.......# *...8...,* **,
#..≈.≈≈≈....# *..Z....,* *,
#...≈≈≈≈≈...# *h......,* **
#..≈≈≈≈≈≈.(.# *,,,,,,,,* *


You could see a cyclops, a polar bear (sleeping), an ice beast (sleeping), a
white imp, 2 centaur warrior simulacra and an ufetubus (sleeping).

Vanquished Creatures
  3 two-headed ogres
  The ghost of pokeman the Thaumaturge, a novice DEWz of Vehumet (D:9)
  The ghost of Maxmaps the Carver, a novice FoFi (D:5)
  Joseph (D:7)
  A troll (D:9)
  Prince Ribbit (D:6)
  2 hippogriffs
  A hornet (D:8)
  11 yaks
  A wraith (D:12)
  A human (D:7)
  3 hogs (D:7)
  2 hungry ghosts
  5 orc warriors
  2 black bears
  An ice beast (D:10)
  A phantom (D:7)
  6 ogres
  A wolf (D:12)
  6 centaurs
  A big kobold (D:10)
  Blork the orc (D:5)
  5 bullfrogs
  A wyvern skeleton (D:8)
  A scorpion (D:4)
  13 killer bees
  A howler monkey (D:7)
  An electric eel (D:7)
  2 crimson imps (D:7)
  2 centaur zombies
  3 hounds
  2 bullfrog skeletons
  2 jellies
  5 orc priests
  6 orc wizards
  A centaur skeleton (D:12)
  3 iguanas
  6 worker ants
  A killer bee zombie (D:8)
  A hound zombie (D:10)
  2 worker ant zombies
  7 gnolls
  13 adders
  A shadow imp (D:7)
  An ooze (D:3)
  An adder zombie (D:6)
  An adder skeleton (D:6)
  2 worms
  A dart slug (D:5)
  6 leopard geckos
  54 orcs
  10 bats
  5 giant cockroaches
  13 goblins
  9 hobgoblins
  26 jackals
  5 quokkas
  A ball python (D:1)
  5 frilled lizards
  11 kobolds
  A leopard gecko skeleton (D:4)
  A leopard gecko zombie (D:7)
  2 quokka skeletons
  4 rats (D:1)
291 creatures vanquished.

Vanquished Creatures (others)
  3 fungi (D:4)
3 creatures vanquished.

Grand Total: 294 creatures vanquished

Notes
Turn   | Place    | Note
-------+----------+-------------------------------------------
     0 | D:1      | stigmas the Human Ice Elementalist began the quest for the Orb.
     0 | D:1      | Reached XP level 1. HP: 13/13 MP: 3/3
   238 | D:1      | Reached XP level 2. HP: 19/19 MP: 5/5
   715 | D:1      | Reached XP level 3. HP: 19/24 MP: 6/6
   796 | D:1      | Learned a level 2 spell: Throw Frost
  1458 | D:2      | Reached XP level 4. HP: 30/30 MP: 8/8
  2007 | D:3      | Reached skill level 4 in Ice Magic
  2058 | D:3      | Learned a level 4 spell: Throw Icicle
  2100 | D:3      | Reached XP level 5. HP: 35/35 MP: 7/9
  2172 | D:3      | Reached skill level 1 in Fighting
  2772 | D:3      | Reached XP level 6. HP: 43/43 MP: 6/11
  3357 | D:4      | Reached XP level 7. HP: 49/50 MP: 12/12
  3379 | D:4      | Found a staircase to the Ecumenical Temple.
  3391 | Temple   | Entered the Ecumenical Temple
  3428 | Temple   | Became a worshipper of Kikubaaqudgha
  3459 | D:4      | Noticed ShadedKnight's ghost (novice GrIE)
  4129 | D:5      | Entered Level 5 of the Dungeon
  4144 | D:5      | Reached skill level 5 in Ice Magic
  4348 | D:5      | Noticed Maxmaps's ghost (novice FoFi)
  4437 | D:4      | Found Ypeom's Jewellery Shoppe.
  5112 | D:5      | Noticed Blork the orc
  5265 | D:6      | Found a deep blue altar of Sif Muna.
  5493 | D:6      | Reached * piety under Kikubaaqudgha
  5493 | D:6      | Identified Kikubaaqudgha's Handbook of Black Rites (Kikubaaqudgha gifted it to you on level 6 of the Dungeon)
  5493 | D:6      | Received a gift from Kikubaaqudgha
  5501 | D:6      | Learned a level 3 spell: Regeneration
  5513 | D:6      | Reached XP level 8. HP: 57/57 MP: 6/15
  5567 | D:6      | Noticed Prince Ribbit
  5578 | D:6      | Killed Prince Ribbit
  5578 | D:6      | Reached skill level 5 in Spellcasting
  5638 | D:6      | Found a glowing golden altar of the Shining One.
  5638 | D:6      | Found a sparkling altar of Nemelex Xobeh.
  5638 | D:6      | Found a blossoming altar of Fedhas.
  6068 | D:6      | Noticed a hippogriff
  6071 | D:6      | Killed a hippogriff
  6071 | D:6      | Reached skill level 6 in Ice Magic
  6109 | D:6      | Reached skill level 1 in Staves
  6218 | D:6      | Reached XP level 9. HP: 35/64 MP: 2/17
  6826 | D:5      | Killed Maxmaps's ghost
  7048 | D:5      | Killed Blork the orc
  7212 | D:5      | Found a glowing golden altar of the Shining One.
  7508 | D:7      | Reached skill level 7 in Ice Magic
  7518 | D:7      | Reached skill level 5 in Conjurations
  7717 | D:7      | Reached XP level 10. HP: 53/73 MP: 16/20
  7992 | D:7      | Noticed Joseph
  7997 | D:7      | Killed Joseph
  8371 | D:8      | Found Koxuz's Antique Weapon Emporium.
  8383 | D:8      | Reached skill level 8 in Ice Magic
  8463 | D:8      | Found Gimmuhiro's Antique Armour Emporium.
  8466 | D:8      | Bought a glowing helmet for 210 gold pieces
  8483 | D:8      | Reached ** piety under Kikubaaqudgha
  8739 | D:8      | Found Elaraewn's Weapon Shop.
  8761 | D:8      | Found Faluqeat's Gadget Emporium.
  8897 | D:8      | Noticed a two-headed ogre
  8901 | D:8      | Killed a two-headed ogre
  8901 | D:8      | Reached skill level 5 in Fighting
  8901 | D:8      | Reached skill level 1 in Necromancy
  9026 | D:8      | Found Ytoetorch's Antique Weapon Emporium.
  9419 | D:8      | Learned a level 2 spell: Blink
  9731 | D:9      | Reached XP level 11. HP: 77/80 MP: 17/23
  9926 | D:9      | Reached *** piety under Kikubaaqudgha
  9926 | D:9      | Identified Kikubaaqudgha's Incunabulum of Evil Arts (Kikubaaqudgha gifted it to you on level 9 of the Dungeon)
  9926 | D:9      | Received a gift from Kikubaaqudgha
  9938 | D:9      | Learned a level 6 spell: Simulacrum
 10065 | D:9      | Noticed a two-headed ogre
 10067 | D:9      | Killed a two-headed ogre
 10067 | D:9      | Reached skill level 9 in Ice Magic
 10132 | D:9      | Found Zarufesm's General Store.
 10133 | D:9      | Noticed pokeman's ghost (novice DEWz)
 10137 | D:9      | Killed pokeman's ghost
 10142 | D:9      | Bought a +2 cloak for 214 gold pieces
 10408 | D:9      | Found a bloodstained altar of Trog.
 10669 | D:10     | Entered Level 10 of the Dungeon
 10673 | D:10     | Noticed a fire dragon
 10701 | D:9      | Reached skill level 1 in Translocations
 10973 | D:10     | Found a transporter.
 10975 | D:10     | Noticed a manticore
 10982 | D:10     | Noticed a frost giant
 10983 | D:10     | Found a transporter.
 10986 | D:10     | Reached **** piety under Kikubaaqudgha
 11309 | D:10     | Got a heavily runed helmet
 11320 | D:10     | Identified the +2 helmet "Zulanuz" {SInv} (You found it on level 10 of the Dungeon)
 11476 | D:10     | You fall through a shaft for 2 floors!
 11485 | D:12     | Reached skill level 1 in Charms
 11495 | D:12     | Noticed a two-headed ogre
 11499 | D:12     | Killed a two-headed ogre
 11540 | D:12     | Reached skill level 5 in Staves
 11540 | D:12     | Reached XP level 12. HP: 84/89 MP: 12/24
 11584 | D:12     | Hit by a large rock thrown by a cyclops

Vault maps used:
D:1:      zaba_arrival_water, serial_corexii_hall, corexii_hall_statues_u,
          corexii_hall_statues_u, minmay_fountain_box
D:2:      guppyfry_early_lair_pool
D:3:      minivault_14, kennysheep_doodads, st_stairs_5
D:4:      minmay_temple_entry_hall, serial_shops, kennysheep_little_box,
          corexii_leaking_fountain, minmay_gold_behind_fungi, minivault_23,
          chequers_big_river
D:5:      first_ration, nicolae_tso_carved_into_rock, uniq_blork_the_orc
D:6:      gammafunk_temple_overflow_forgotten, marbit_many_paths,
          uniq_prince_ribbit1
D:7:      grunt_livestock, minmay_crystal_water, uniq_joseph
D:8:      serial_shops, nicolae_shop_statue_plus, shop, kennysheep_mini_moat,
          shop, nicolae_shop_behind_doors, hangedman_abyss_or_decor_lesser_grid
D:9:      lightli_temple_of_fire, serial_shops, shop
D:10:     gammafunk_sealed_arena, basic_altar
D:12:     serial_ice, serial_ice_o, serial_ice_m, serial_ice_l, serial_ice_f,
          serial_ice_h, serial_ice_n, serial_ice_c,
          portal_ice_cave_entry_pillars_1
Temple:   bh_familiar_temple

Skill      XL: |  1  2  3  4  5  6  7  8  9 10 11 |
---------------+----------------------------------+-----
Spellcasting   | 3 4 5 6 8 |  8.9
Ice Magic      | 4 5 6 7 8 9 |  9.4
Fighting       | 1 2 3 4 5 6 |  6.3
Conjurations   | 2 3 4 5 6 7 |  7.9
Staves         | 1 3 4 5 |  5.0
Dodging        | 3 4 |  4.0
Necromancy     | 1 3 |  3.7
Translocations | 1 |  1.0
Charms         | 1 |  1.2
Stealth        | |  2.7

Action                   |  1- 3 |  4- 6 |  7- 9 | 10-12 || total
-------------------------+-------+-------+-------+-------++-------
Melee: Unarmed           |     6 |    23 |    81 |       ||   110
       Staff             |       |       |    67 |   140 ||   207
 Cast: Freeze            |    39 |    47 |    55 |     8 ||   149
       Throw Frost       |    16 |    85 |    26 |     7 ||   134
       Throw Icicle      |       |     1 |    70 |   169 ||   240
       Regeneration      |       |       |     2 |     6 ||     8
       Blink             |       |       |       |     7 ||     7
  Use: Scroll            |       |     5 |     9 |    14 ||    28
       Potion            |       |       |       |     3 ||     3
 Stab: Sleeping          |       |     1 |     3 |     2 ||     6
  Eat: Chunk             |     3 |     7 |    13 |    14 ||    37
       Ration            |       |     1 |     4 |     3 ||     8
Armor: Robe              |     8 |    15 |    33 |    65 ||   121
Dodge: Dodged            |    25 |    38 |   157 |   187 ||   407

Table legend:
 A = Spawn XP
 B = Non-spawn XP
 C = Spawn XP percentage of total XP
 D = Spawn monster count
 E = Non-spawn monster count
 F = Spawn count percentage of total count
 G = Total turns spent on level
                    A         B        C        D         E        F      G
               +---------+---------+-------+---------+---------+-------+---------
         Total |       0 |   15841 |   0.0 |       0 |     291 |   0.0 | 11584
               +---------+---------+-------+---------+---------+-------+---------
           D:1 |       0 |      35 |   0.0 |       0 |      23 |   0.0 |  1056
           D:2 |       0 |      75 |   0.0 |       0 |      28 |   0.0 |  1137
           D:3 |       0 |     188 |   0.0 |       0 |      35 |   0.0 |  1092
           D:4 |       0 |     480 |   0.0 |       0 |      30 |   0.0 |  1497
           D:5 |       0 |     886 |   0.0 |       0 |      12 |   0.0 |   932
           D:6 |       0 |    1479 |   0.0 |       0 |      24 |   0.0 |  1606
           D:7 |       0 |    1912 |   0.0 |       0 |      19 |   0.0 |   991
           D:8 |       0 |    2190 |   0.0 |       0 |      33 |   0.0 |  1182
           D:9 |       0 |    4992 |   0.0 |       0 |      54 |   0.0 |  1229
          D:10 |       0 |    1650 |   0.0 |       0 |      22 |   0.0 |   694
          D:12 |       0 |    1954 |   0.0 |       0 |      11 |   0.0 |   108
               +---------+---------+-------+---------+---------+-------+---------
